 Dungeon Crawl Stone Soup version 0.23-a0-837-ga3e6480 (console) character file.

12902 Duffy the Destroyer (level 12, 71/103 HPs)
             Began as a Naga Wizard on Jan 24, 2019.
             Was a Believer of Vehumet.
             Quit the game on level 12 of the Dungeon.
             The game lasted 00:17:48 (15463 turns).

Duffy the Destroyer (Naga Wizard)                  Turns: 15463, Time: 00:17:49

Health: 71/103     AC:  6    Str: 11    XL:     12   Next: 0%
Magic:  27/42      EV: 10    Int: 23    God:    Vehumet [**....]
Gold:   731        SH:  6    Dex:  9    Spells: 20/33 levels left

rFire    . . .     SeeInvis +   l - staff of power {!a}
rCold    . . .     Gourm    .   (no shield)
rNeg     + . .     Faith    .   a - +0 robe
rPois    +         Spirit   .   n - +0 helmet
rElec    .         Reflect  +   (no cloak)
rCorr    .         Harm     .   (no gloves)
MR       +....                  (no barding)
Stlth    ++........             H - +6 amulet of reflection
HPRegen  0.27/turn              j - ring of positive energy
MPRegen  0.28/turn              (no ring)

@: barbed spikes, very slow
A: large, see invisible, deformed body, poison resistance, slowness 2, slow
metabolism 1, spit poison 1, AC +4
a: Spit Poison, Renounce Religion


You were on level 12 of the Dungeon.
You worshipped Vehumet.
Vehumet was pleased with you.
You were not hungry.

You visited 2 branches of the dungeon, and saw 13 of its levels.
You also visited: Sewer.

You collected 731 gold pieces.

Inventory:

Hand Weapons
 u - a +0 spear of freezing
 v - a +0 flail of crushing
 w - a +2 short sword of speed
 A - a +1 antimagic long sword
 B - a +0 blowgun
 E - a +2 spear of pain
 F - a +2 long sword of slicing
Missiles
 t - 3 throwing nets (quivered)
 G - 7 curare-tipped needles
Armour
 a - a +0 robe (worn)
 n - a +0 helmet (worn)
Magical Staves
 l - an uncursed staff of power (weapon) {!a}
Jewellery
 j - a ring of positive energy (left hand)
 H - a +6 amulet of reflection (around neck)
Wands
 e - a wand of paralysis (5)
 r - a wand of acid (26)
 s - a wand of iceblast (12)
 z - a wand of flame (17)
 D - a wand of polymorph (1)
Scrolls
 b - a scroll of random uselessness {unknown}
 c - 3 scrolls of enchant armour {unknown}
 f - 4 scrolls of remove curse
 g - 10 scrolls of teleportation
 i - 2 scrolls of amnesia {unknown}
 o - 2 scrolls of enchant weapon {unknown}
 y - 2 scrolls of vulnerability {unknown}
 C - 2 scrolls of fog
 I - 2 scrolls of fear {unknown}
 J - a scroll of silence {unknown}
 L - a scroll of summoning {unknown}
Potions
 h - 5 potions of curing
 k - 2 potions of flight
 m - 2 potions of might
 p - 4 potions of heal wounds
 q - a potion of brilliance
 x - a potion of invisibility
Comestibles
 d - 26 rations


   Skills:
 - Level 5.0 Fighting
 - Level 1.5 Dodging
 - Level 3.0 Stealth
 + Level 11.0 Spellcasting
 + Level 11.3 Conjurations
   Level 1.0 Summonings
 - Level 1.0 Translocations
 - Level 3.0 Fire Magic
 - Level 3.0 Air Magic
 - Level 3.0 Poison Magic
 - Level 6.2 Evocations


You had 20 spell levels left.
You knew the following spells:

 Your Spells              Type           Power        Failure   Level  Hunger
h - Iskenderun's Mystic   Conj           ######..     1%          4    None
j - Magic Dart            Conj           ####         1%          1    None
k - Mephitic Cloud        Conj/Pois/Air  #####...     1%          3    None
l - Conjure Flame         Conj/Fire      #####...     1%          3    None
B - Blink                 Tloc           N/A          4%          2    None

Your spell library contained the following spells:

 Spells                   Type           Power        Failure   Level  Hunger
 Throw Flame              Conj/Fire      #####.       1%          2    None
 Searing Ray              Conj           ######       1%          2    None
 Dazzling Spray           Conj/Hex       #####.       1%          3    None
 Poisonous Vapours        Pois/Air       ####..       2%          2    None
 Call Imp                 Summ           ###.....     4%          2    None
 Force Lance              Conj/Tloc      #####...     4%          4    None
 Fulminant Prism          Conj/Hex       #####.....   4%          4    None
 Slow                     Hex            ##......     8%          2    None
 Freezing Cloud           Conj/Ice/Air   ####......   73%         6    #####..
 Ring of Flames           Chrm/Fire      ###.......   100%        7    #######


Dungeon Overview and Level Annotations

Branches:
Dungeon (12/15)            Temple (1/1) D:4            Lair (0/6) D:11
    Orc: D:9-12

Altars:
Ashenzari
Cheibriados
Dithmenos
Elyvilon
Fedhas
Gozag
Hepliaklqana
Kikubaaqudgha
Makhleb
Nemelex Xobeh
Okawaru
Qazlal
Ru
Sif Muna
Trog
Uskayaw
Vehumet
Wu Jian
Xom
Yredelemnul
Zin
The Shining One

Shops:
D:11 =

Annotations:
D:5 Dig
D:6 3 runed doors, Duffy's ghost, novice NaFi


Innate Abilities, Weirdness & Mutations

You cannot wear boots.
Your serpentine skin is tough. (AC +4)
You have supernaturally acute eyesight. (SInv)
Armour fits poorly on your strangely shaped body.
Your system is resistant to poisons. (rPois)
You cover ground very slowly.
You have a slow metabolism.
You can spit poison.


Message History

Casting: Iskenderun's Mystic Blast (safe; 1% risk of failure)
Confirm with . or Enter, or press ? or * to list all spells.
Aiming: Iskenderun's Mystic Blast (safe; 1% risk of failure)
Press: ? - help, Shift-Dir - straight line, f/p - manticore
Aim: a manticore (flame, almost dead)
The orb of energy hits the manticore!!
You kill the manticore!
Vehumet accepts your kill.
You feel your power returning.
Your Spellcasting skill increases to level 11!
You have reached level 12!
Your experience leads to an increase in your attributes!
Increase (S)trength, (I)ntelligence, or (D)exterity?
You feel clever.
You feel stronger.
Your skin feels tougher.
The orb of energy explodes!
The barbs in your skin will harm you if you move.
Continue? [Y]es or [N]o only, please.
The barbs in your skin will harm you if you move.
Continue?
Okay, then.
Are you sure you want to abandon this character and quit the game? (Confirm with "yes".)

.....# ..... ## ## ....#
...##.##....##.
...............
......0........
.........0.......
....####@##### #########
...##.......# ........
...#.......#
.......#####'##......)##
.......##....##....$...#
.......##..............#
.......##.....)(.......#
.......................'..
.............###########..


There were no monsters in sight!

Vanquished Creatures
  Erolcha (D:11)
  A hydra (D:11)
  A two-headed ogre (D:11)
  2 oklob plants (D:11)
  2 manticores
  4 ugly things
  Joseph (D:8)
  A gargoyle (D:11)
  A komodo dragon (D:11)
  A troll (D:10)
  A merfolk (D:10)
  A meliai zombie (D:10)
  A wyvern (D:11)
  16 yaks
  3 hungry ghosts
  Edmund (D:5)
  3 sky beasts
  An eye of draining (shapeshifter) (D:12)
  2 ice beasts
  Purgy (Sewer)
  2 centaurs
  2 ogres
  A necrophage (D:3)
  A bullfrog (D:11)
  A scorpion (D:11)
  5 killer bees (D:10)
  5 howler monkeys
  4 crimson imps
  2 bullfrog zombies
  2 centaur zombies
  7 bullfrog skeletons
  5 hounds
  2 orc priests (D:10)
  An iguana (D:8)
  7 worker ants
  5 orc wizards
  A killer bee zombie (D:9)
  A worker ant zombie (D:10)
  3 gnolls (D:5)
  2 river rats (D:6)
  14 adders
  3 shadow imps
  An ooze (D:6)
  7 worms
  3 dart slugs
  4 leopard geckos
  23 orcs
  7 giant cockroaches
  12 goblins
  10 hobgoblins
  4 jackals
  9 quokkas
  13 bats
  10 frilled lizards
  A jackal skeleton (D:5)
  12 kobolds
  A quokka skeleton (D:4)
  11 rats
249 creatures vanquished.

Vanquished Creatures (collateral kills)
  A killer bee (D:10)
1 creature vanquished.

Vanquished Creatures (others)
  A centaur (D:12)
  2 fungi (D:10)
  3 toadstools (D:10)
6 creatures vanquished.

Grand Total: 256 creatures vanquished

Notes
Turn   | Place    | Note
-------+----------+-------------------------------------------
     0 | D:1      | Duffy the Naga Wizard began the quest for the Orb.
     0 | D:1      | Reached XP level 1. HP: 15/15 MP: 4/4
   161 | D:1      | Reached XP level 2. HP: 22/22 MP: 0/6
   712 | D:1      | Reached XP level 3. HP: 24/28 MP: 2/7
   830 | D:1      | Learned a level 3 spell: Mephitic Cloud
   834 | D:1      | Learned a level 3 spell: Conjure Flame
   837 | D:1      | Learned a level 2 spell: Blink
  1453 | D:1      | Reached skill level 1 in Poison Magic
  1581 | D:2      | Reached XP level 4. HP: 32/36 MP: 5/9
  1667 | D:1      | Reached skill level 1 in Air Magic
  1749 | D:2      | Reached skill level 1 in Fire Magic
  1759 | D:1      | Reached XP level 5. HP: 22/42 MP: 3/10
  2255 | D:2      | Found a faded altar of an unknown god.
  3228 | D:3      | Reached XP level 6. HP: 49/49 MP: 10/12
  3710 | D:3      | Noticed a necrophage
  3728 | D:3      | Killed a necrophage
  4608 | D:4      | Found a staircase to the Ecumenical Temple.
  4638 | Temple   | Entered the Ecumenical Temple
  5063 | Temple   | Became a worshipper of Vehumet
  5559 | D:5      | Entered Level 5 of the Dungeon
  5723 | D:5      | Reached XP level 7. HP: 55/55 MP: 13/13
  5780 | D:5      | Noticed Edmund
  5797 | D:5      | Killed Edmund
  6047 | D:5      | Found a snail-covered altar of Cheibriados.
  6047 | D:5      | Found a deep blue altar of Sif Muna.
  6355 | D:5      | Reached skill level 5 in Spellcasting
  6355 | D:5      | Reached skill level 1 in Evocations
  6630 | D:5      | Found a glowing silver altar of Zin.
  6689 | D:5      | Reached XP level 8. HP: 48/62 MP: 15/15
  6731 | D:6      | Learned a level 4 spell: Iskenderun's Mystic Blast
  6761 | D:6      | Found a glowing drain.
  6785 | Sewer    | Entered a sewer
  6927 | Sewer    | Noticed Purgy
  6932 | Sewer    | Killed Purgy
  7672 | D:6      | Found a runed gate.
  7673 | D:6      | Found a runed gate.
  7674 | D:6      | Found a runed gate.
  7675 | D:6      | Noticed Duffy's ghost (novice NaFi)
  7676 | D:6      | Noticed Duffy's ghost (novice NaFi)
  8083 | D:7      | Reached skill level 5 in Conjurations
  8127 | D:7      | Reached * piety under Vehumet
  8127 | D:7      | Offered knowledge of Freeze by Vehumet.
  8411 | D:7      | Found a burning altar of Makhleb.
  8411 | D:7      | Found a sparkling altar of Nemelex Xobeh.
  8413 | D:7      | Found an iron altar of Okawaru.
  8416 | D:7      | Found a shimmering altar of Xom.
  8609 | D:7      | Reached skill level 5 in Evocations
  9104 | D:8      | Reached XP level 9. HP: 69/69 MP: 18/18
  9205 | D:8      | Reached skill level 1 in Fighting
  9324 | D:8      | Noticed Joseph
  9348 | D:8      | Killed Joseph
  9593 | D:8      | Noticed a purple ugly thing
  9605 | D:8      | Killed a brown ugly thing
 10679 | D:10     | Entered Level 10 of the Dungeon
 10730 | D:10     | Noticed a merfolk
 10738 | D:10     | Killed a merfolk
 10974 | D:10     | Reached XP level 10. HP: 46/85 MP: 20/20
 11718 | D:10     | Reached skill level 5 in Fighting
 12415 | D:11     | Found a staircase to the Lair.
 12424 | D:11     | Noticed an oklob plant
 12428 | D:11     | Noticed an oklob plant
 12428 | D:11     | You fall through a shaft!
 12638 | D:11     | Noticed a manticore
 12649 | D:11     | Killed a manticore
 12831 | D:11     | Reached ** piety under Vehumet
 12831 | D:11     | Offered knowledge of Throw Flame by Vehumet.
 13282 | D:11     | Found Voysy's Jewellery Shop.
 13452 | D:11     | Noticed a green ugly thing
 13458 | D:11     | Killed a green ugly thing
 13458 | D:11     | Reached XP level 11. HP: 80/94 MP: 20/24
 13593 | D:11     | Noticed a two-headed ogre
 13598 | D:11     | Killed a two-headed ogre
 13647 | D:11     | Noticed a seven-headed hydra
 13657 | D:11     | Killed a seven-headed hydra
 13657 | D:11     | Reached skill level 10 in Conjurations
 13844 | D:11     | Noticed Erolcha
 13865 | D:11     | Killed Erolcha
 13865 | D:11     | Reached skill level 10 in Spellcasting
 14343 | D:11     | Killed an oklob plant
 14570 | D:11     | Killed an oklob plant
 15186 | D:12     | Noticed a white ugly thing
 15317 | D:12     | Noticed a purple ugly thing
 15319 | D:12     | Killed a white ugly thing
 15323 | D:12     | Killed a purple ugly thing
 15452 | D:12     | Noticed a manticore
 15462 | D:12     | Killed a manticore
 15462 | D:12     | Reached XP level 12. HP: 71/103 MP: 27/27
 15463 | D:12     | Quit the game

Vault maps used:
D:1:      lightli_arrival_flooded_house, minmay_hexomino_u4
D:2:      chequers_ecumenical_altar_simple, first_ration
D:4:      minmay_temple_entry_stoned_glass
D:5:      zin_scriptorium, chequers_temple_overflow_statue_of_worship,
          uniq_edmund
D:6:      gammafunk_ghost_cemetery, portal_sewer_entry_a
D:7:      minitemple
D:8:      uniq_joseph
D:9:      erik_orc_2
D:10:     hangedman_fish_farm, minmay_gold_behind_fungi
D:11:     dpeg_oklobed_lair, serial_shops, shop_fountains,
          minmay_misc_feat_pillars, uniq_erolcha
D:12:     serial_shops, nicolae_shop_competitors_out_of_business,
          nicolae_shop_window_shopping, nicolae_shop_behind_doors
Temple:   regret_index_temple_generic_petals
Sewer:    kennysheep_door_sewer

Skill      XL: |  1  2  3  4  5  6  7  8  9 10 11 |
---------------+----------------------------------+-----
Conjurations   | 2 3 4 5 7 9 11 | 11.3
Poison Magic   | 1 2 3 |  3.0
Air Magic      | 1 2 3 |  3.0
Fire Magic     | 1 2 3 |  3.0
Spellcasting   | 4 5 6 7 9 11 | 11.0
Evocations     | 3 5 6 |  6.2
Fighting       | 4 5 |  5.0
Dodging        | |  1.5
Stealth        | |  3.0
Summonings     | |  1.0
Translocations | |  1.0

Action                   |  1- 3 |  4- 6 |  7- 9 | 10-12 || total
-------------------------+-------+-------+-------+-------++-------
 Cast: Magic Dart        |    92 |   179 |   249 |    88 ||   608
       Conjure Flame     |       |     2 |    14 |    23 ||    39
       Mephitic Cloud    |       |       |     8 |     9 ||    17
       Blink             |       |       |     1 |     2 ||     3
       Iskenderun's Myst |       |       |    20 |   114 ||   134
 Abil: Spit Poison       |    10 |    23 |    14 |     1 ||    48
Evoke: Wand              |       |     1 |    12 |     5 ||    18
  Use: Scroll            |       |    10 |     3 |     1 ||    14
       Potion            |       |       |     1 |     1 ||     2
  Eat: Chunk             |     1 |    11 |    11 |    15 ||    38
       Ration            |       |       |     2 |       ||     2
Armor: Robe              |     7 |    16 |    25 |    11 ||    59
       Skin              |       |       |       |    10 ||    10
Dodge: Dodged            |     5 |    30 |    55 |    43 ||   133
Block: Other             |       |       |       |    35 ||    35
       Reflection        |       |       |       |     4 ||     4

Table legend:
 A = Non-vault XP
 B = Vault XP
 C = Vault XP percentage of total XP
 D = Non-vault monster count
 E = Vault monster count
 F = Vault count percentage of total count
                 A         B        C        D         E       F
            +---------+---------+-------+---------+---------+-------
      Total |   15166 |    3266 |  17.7 |     230 |      21 |   8.4
            +---------+---------+-------+---------+---------+-------
        D:1 |     148 |       7 |   4.5 |      37 |       5 |  11.9
        D:2 |      94 |       0 |   0.0 |      26 |       0 |   0.0
        D:3 |     219 |       0 |   0.0 |      25 |       0 |   0.0
        D:4 |     106 |       0 |   0.0 |       7 |       0 |   0.0
        D:5 |     473 |     157 |  24.9 |      16 |       1 |   5.9
        D:6 |     161 |      29 |  15.3 |       8 |       4 |  33.3
        D:7 |     715 |       0 |   0.0 |      23 |       0 |   0.0
        D:8 |    1236 |     502 |  28.9 |      12 |       1 |   7.7
        D:9 |     240 |       0 |   0.0 |       4 |       0 |   0.0
       D:10 |    1676 |     289 |  14.7 |      23 |       1 |   4.2
       D:11 |    5679 |    2147 |  27.4 |      27 |       3 |  10.0
       D:12 |    4380 |       0 |   0.0 |      19 |       0 |   0.0
     Temple |      39 |       0 |   0.0 |       3 |       0 |   0.0
      Sewer |       0 |     135 | 100.0 |       0 |       6 | 100.0
            +---------+---------+-------+---------+---------+-------
